 Dungeon Crawl Stone Soup version 0.20.0-8-g6b59dc7 (webtiles) character file.

92 Kosschaser the Chopper (level 4, -1/61 HPs)
             Began as a Hill Orc Berserker on June 2, 2017.
             Was a Priest of Trog.
             Succumbed to JarielCorvus's ghost's poison
             ... on level 3 of the Dungeon.
             The game lasted 00:05:03 (2094 turns).

Kosschaser the Chopper (Hill Orc Berserker)         Turns: 2094, Time: 00:05:03

Health: -1/61      AC:  3    Str: 24    XL:     4   Next: 60%
Magic:  4/4        EV: 14    Int:  7    God:    Trog [***...]
Gold:   98         SH:  0    Dex: 11    Spells: 3/3 levels left

rFire    . . .     SeeInvis .   a - +0 hand axe
rCold    . . .     Gourm    .   (no shield)
rNeg     . . .     Faith    +   e - +0 leather armour
rPois    .         Spirit   .   (no helmet)
rElec    .         Reflect  .   (no cloak)
rCorr    .         Harm     .   (no gloves)
MR       ++...     Rnd*Tele +   (no boots)
Stlth    ..........             o - amulet of faith
Regen    1.2/turn               f - ring of teleportation (curse)
MPRegen  0.1/turn               m - +2 ring of evasion

@: berserking, lethally poisoned (-1 -> -16), starving, regenerating, very quick
A: no striking features
a: Berserk, Trog's Hand, Burn Spellbooks, Renounce Religion


You were on level 3 of the Dungeon.
You worshipped Trog.
Trog was most pleased with you.
You were starving.

You visited 1 branch of the dungeon, and saw 3 of its levels.

You collected 98 gold pieces.

Inventory:

Hand Weapons
 a - a +0 hand axe (weapon)
Armour
 e - a +0 leather armour (worn)
Jewellery
 f - a cursed ring of teleportation (left hand)
 m - a +2 ring of evasion (right hand)
 o - an amulet of faith (around neck)
Scrolls
 g - 2 scrolls of identify {unknown}
 k - 2 scrolls of teleportation {unknown}
 n - a scroll of remove curse {unknown}
 p - 2 scrolls of fear {unknown}
 q - 2 scrolls of blinking {unknown}
Potions
 d - a potion of brilliance {unknown}
 h - 3 potions of degeneration {unknown}
 l - 3 potions of curing {unknown}
Comestibles
 b - 3 meat rations
 c - 2 bread rations
 i - 2 royal jellies
 j - a fruit


   Skills:
 + Level 4.5 Fighting
 + Level 5.5 Axes
 + Level 2.3 Armour
 + Level 2.2 Dodging


You had 3 spell levels left.
You didn't know any spells.

Dungeon Overview and Level Annotations

Branches:
Dungeon (3/15)

Altars:
Ru

Annotations:
D:3 JarielCorvus's ghost, amateur MiBe


Message History

You are feeling very hungry.
* * * LOW HITPOINT WARNING * * *
You feel very sick. JarielCorvus's ghost barely misses you.
A red film seems to cover your vision as you go berserk!
You feel yourself moving faster!
You feel mighty!
You are near starving!
You are starving!
You feel sick. JarielCorvus's ghost hits you!
* * * LOW HITPOINT WARNING * * *
You are more poisoned.
You feel a strong urge to attack something.
* * * LOW HITPOINT WARNING * * *
You feel very sick.
You hit JarielCorvus's ghost but do no damage.
JarielCorvus's ghost is moderately damaged.
* * * LOW HITPOINT WARNING * * *
You feel sick. JarielCorvus's ghost barely misses you.
You hit JarielCorvus's ghost.
JarielCorvus's ghost is moderately damaged.
You die...

#.. ..#
#.. ..# .
#.. ...#.#
.. ..?...
#.##.....#
.........
#......#
#W# #@#
#.# #.#
#.. #.#
... ###


You could see JarielCorvus's ghost.

Vanquished Creatures
  3 adders (D:2)
  A worm (D:2)
  A dart slug (D:2)
  4 leopard geckos
  3 giant cockroaches
  5 goblins
  14 hobgoblins
  2 jackals (D:1)
  3 ball pythons
  2 bats (D:1)
  4 frilled lizards
  7 kobolds
  4 rats
  A fungus (D:1)
54 creatures vanquished.

Notes
Turn   | Place    | Note
-------+----------+-------------------------------------------
     0 | D:1      | Kosschaser the Hill Orc Berserker began the quest for the Orb.
     0 | D:1      | Reached XP level 1. HP: 19/19 MP: 1/1
   116 | D:1      | Reached XP level 2. HP: 25/27 MP: 2/2
   274 | D:1      | Reached ** piety under Trog
   642 | D:2      | Reached XP level 3. HP: 16/33 MP: 3/3
  1023 | D:2      | Reached skill level 5 in Axes
  1033 | D:2      | Reached XP level 4. HP: 24/41 MP: 4/4
  1089 | D:2      | Found a sacrificial altar of Ru.
  1406 | D:2      | Reached *** piety under Trog
  2081 | D:3      | Noticed JarielCorvus's ghost (amateur MiBe)
  2092 | D:3      | HP: 2/61 [poisoned by JarielCorvus's ghost]
  2094 | D:3      | Succumbed to JarielCorvus's ghost's poison

Skill      XL: |  1  2  3 |
---------------+----------+-----
Fighting       | 4 |  4.5
Dodging        | 2 |  2.2
Axes           | 5 |  5.5
Armour         | |  2.3

Action                   |  1- 3 |  4- 6 || total
-------------------------+-------+-------++-------
Melee: Hand axe          |   121 |    62 ||   183
Invok: Berserk           |     1 |     1 ||     2
       Trog's Hand       |       |     1 ||     1
  Eat: Chunk             |       |     4 ||     4
Armor: Leather armour    |    19 |     4 ||    23
Dodge: Dodged            |    81 |    40 ||   121
